 Dungeon Crawl Stone Soup version 0.18.1-47-g9310371 (webtiles) character file.

217 Mesmaeker13 the Cudgeler (level 5, -2/42 HPs)
             Began as a Demonspawn Gladiator on June 23, 2016.
             Killed from afar by an orc wizard (6 damage)
             ... with a puff of flame
             ... on level 3 of the Dungeon.
             The game lasted 00:06:04 (2836 turns).

Mesmaeker13 the Cudgeler (Demonspawn Gladiator)     Turns: 2836, Time: 00:06:04

Health: -2/42      AC:  6    Str: 15    XL:     5   Next: 61%
Magic:  0/5        EV: 10    Int: 10    God:
Gold:   159        SH:  0    Dex: 14    Spells: 0 memorised, 4 levels left

rFire  . . .     SeeInvis .     a - +0 flail
rCold  . . .     Gourm    .     j - +0 scale mail
rNeg   . . .     Faith    .     (no shield)
rPois  .         Spirit   +     (helmet restricted)
rElec  .         Dismiss  .     (no cloak)
rCorr  .         Reflect  .     (no gloves)
SustAt .         Harm     .     (no boots)
MR     .....                    (no amulet)
Stlth  ..........               (no ring)
                                h - ring of loudness (curse)

@: not resistant to hostile enchantments, extremely unstealthy
A: antennae 1, claws 1, magic shield
a: no special abilities


You were on level 3 of the Dungeon.
You were not hungry.

You visited 1 branch of the dungeon, and saw 4 of its levels.

You collected 159 gold pieces.

Inventory:

Hand Weapons
 a - a +0 flail (weapon)
Missiles
 d - 2 throwing nets (quivered)
 m - 4 tomahawks
Armour
 j - a +0 scale mail (worn)
Jewellery
 h - a cursed ring of loudness (left claw)
Wands
 r - a wand of flame (26/48)
Scrolls
 b - a scroll of teleportation
 c - a scroll of immolation {unknown}
 e - a scroll of remove curse {unknown}
 k - a scroll of amnesia
 o - a scroll of enchant armour {unknown}
 s - a scroll of magic mapping {unknown}
Potions
 n - a potion of heal wounds {unknown}
 q - a potion of might {unknown}
Comestibles
 f - a bread ration
 g - 3 fruits
 i - 2 meat rations
 l - a chunk of flesh


   Skills:
 + Level 3.9 Fighting
 + Level 4.3 Maces & Flails
 - Level 1.7 Throwing
 + Level 1.9 Armour
 - Level 2.6 Dodging


You had 4 spell levels left.
You didn't know any spells.

Dungeon Overview and Level Annotations

Branches:
Dungeon (4/15)
 Temple: D:4-7

Altars:
Vehumet


Innate Abilities, Weirdness & Mutations

You have a pair of small antennae on your head.
You have sharp fingernails.
When hurt, damage is shared between your health and your magic reserves.


Message History

* * * LOW HITPOINT WARNING * * *
You barely miss something. Something completely misses you.
You hear some strange, mumbled words.
A puff of flame appears from out of thin air!
The puff of flame misses you.
Read which item? (? for menu, Esc to quit)
Okay, then.
Drink which item? (? for menu, Esc to quit)
It was a potion of cure mutation.
It has a very clean taste.
Something hits you.
* * * LOW HITPOINT WARNING * * *
You hit something but do no damage.
You hear some strange, mumbled words.
A puff of flame appears from out of thin air!
The puff of flame hits you!
* * * LOW HITPOINT WARNING * * *
You hear some strange, mumbled words.
A puff of flame appears from out of thin air!
The puff of flame hits you!
You die...

####### #.....#
######## #.....#
#......#
#.....###..##..#
#......###.##..###
#........#.......###
#.....##....#.##....
###.####..<....####.
#### #@# #..#.รท)..#
##
#..######{###.##.....#
##......#).##.##.....#
######...>...##.....##
#.>....#...#......#
#.####.........(..##
#.####.#.#.........##
#...................##
#####...####..........


There were no monsters in sight!

Vanquished Creatures
  An orc priest (D:2)
  2 orc wizards (D:3)
  3 adders
  An ooze (D:1)
  A worm (D:2)
  3 dart slugs
  4 giant geckos
  8 orcs
  9 bats
  5 giant cockroaches
  6 goblins
  6 hobgoblins
  10 jackals
  8 kobolds
  A quokka (D:3)
  4 ball pythons
  A giant gecko skeleton (D:3)
  2 giant newts
  9 rats
84 creatures vanquished.

Vanquished Creatures (others)
  An orc (D:3)
1 creature vanquished.

Grand Total: 85 creatures vanquished

Notes
Turn   | Place    | Note
--------------------------------------------------------------
     0 | D:1      | Mesmaeker13 the Demonspawn Gladiator began the quest for the Orb.
     0 | D:1      | Reached XP level 1. HP: 16/16 MP: 1/1
   156 | D:1      | Reached skill level 3 in Maces & Flails
   156 | D:1      | Gained mutation: You have a pair of small antennae on your head. [demonic ancestry]
   156 | D:1      | Reached XP level 2. HP: 21/23 MP: 2/2
   344 | D:1      | Reached XP level 3. HP: 28/28 MP: 3/3
  1267 | D:2      | Gained mutation: When hurt, damage is shared between your health and your magic reserves. [demonic ancestry]
  1267 | D:2      | Reached XP level 4. HP: 20/35 MP: 4/4
  1731 | D:2      | Found a radiant altar of Vehumet.
  1879 | D:2      | Reached skill level 4 in Maces & Flails
  2306 | D:2      | Reached skill level 1 in Armour
  2402 | D:3      | Gained mutation: You have sharp fingernails. [demonic ancestry]
  2402 | D:3      | Reached XP level 5. HP: 34/41 MP: 5/5
  2836 | D:3      | Killed from afar by an orc wizard

Skill      XL: |  1  2  3  4 |
---------------+-------------+-----
Maces & Flails | 3 4 |  4.3
Fighting       | 3 |  3.9
Armour         | 1 |  1.9
Throwing       | |  1.7
Dodging        | |  2.6

Action                   |  1- 3 |  4- 6 || total
-------------------------+-------+-------++-------
Melee: Flail             |   126 |   183 ||   309
Throw: Throwing net      |       |     1 ||     1
  Use: Potion            |       |     2 ||     2
       Scroll            |       |     2 ||     2
  Eat: Chunk             |     1 |     6 ||     7
Armor: Leather armour    |     3 |       ||     3
       Scale mail        |    70 |    93 ||   163
Dodge: Dodged            |   102 |   118 ||   220
